 Dungeon Crawl Stone Soup version 0.30-a0-916-g9813417 (webtiles) character file.

Game seed: 3111382438151580813

53 Dorkslayer the Covered (level 3, -5/23 HPs)
             Began as a Gargoyle Fighter on Mar 26, 2023.
             Slain by a gnoll
             ... wielding a +0 halberd
              (10 damage)
             ... on level 3 of the Dungeon.
             The game lasted 00:08:56 (1801 turns).

Dorkslayer the Covered (Gargoyle Fighter)           Turns: 1801, Time: 00:08:57

Health: -5/23      AC: 10    Str: 19    XL:     3   Next: 89%
Magic:  3/3        EV: 10    Int:  8    God:
Gold:   206        SH:  0    Dex: 11    Spells: 2/2 levels left

rFire   . . .      SeeInvis .    a - +0 war axe
rCold   . . .      Faith    .    (no shield)
rNeg    + . .      Spirit   .    b - +0 scale mail
rPois   ∞          Reflect  .    (no helmet)
rElec   +          Rampage  .    (no cloak)
rCorr   .                        (no gloves)
Will    .....                    (no boots) Stlth
                                 (no amulet)
HPRegen 0.23/turn                (no ring)
MPRegen 0.08/turn                (no ring)

@: no status effects
A: sickness immunity, AC +3, negative energy resistance 1, electricity
resistance, torment resistance 1, petrification resistance
a: no special abilities


You were on level 3 of the Dungeon.
You visited 1 branch of the dungeon, and saw 3 of its levels.

You collected 206 gold pieces.

Inventory:

Hand Weapons
 a - a +0 war axe (weapon)
Armour
 b - a +0 scale mail (worn)
 c - a +0 buckler
Scrolls
 e - 3 scrolls of teleportation
Potions
 d - 2 potions of might
 f - a potion of heal wounds
 g - a potion of cancellation {unknown}
 h - a potion of resistance {unknown}
 i - a potion of ambrosia {unknown}
 j - a potion of berserk rage
 k - a potion of mutation {unknown}


   Skills:
 + Level 3.6 Fighting
 + Level 2.1 Axes
 + Level 3.6 Armour
 * Level 1.4 Dodging
 + Level 3.6 Shields


You had 2 spell levels left.
You didn't know any spells.
Your spell library was empty.

Dungeon Overview and Level Annotations

Branches:
Dungeon (3/15)

Altars:

Shops:
D:2 ?


Innate Abilities, Weirdness & Mutations

You are immune to sickness and miasma.
Your stone body is resilient. (AC +3)
You are immune to poison.
You resist negative energy. (rN+)
You are resistant to electric shocks. (rElec)
You are resistant to unholy torment.
You are immune to petrification.


Message History

The gnoll hits you but does no damage. x2
You hit the gnoll but do no damage.
The gnoll is almost dead.
The gnoll hits you but does no damage.
You slash the gnoll!
You kill the gnoll!
You see here a +0 whip.
HP restored.
You see here a +0 whip.
A gnoll and a bat come into view.
The bat hits you but does no damage. The bat barely misses you.
The bat hits you but does no damage. The bat hits you.
The gnoll barely misses you.
You barely miss the bat. The bat barely misses you.
The gnoll closely misses you.
You closely miss the bat. The bat closely misses you. x2
The bat hits you but does no damage.
The gnoll hits you from afar with a +0 halberd.
You closely miss the bat. The bat closely misses you.
The bat barely misses you. The gnoll closely misses you.
The gnoll completely misses you.
You barely miss the bat. The bat hits you but does no damage.
The bat barely misses you. The gnoll hits you but does no damage.
You closely miss the bat. The bat hits you but does no damage.
The bat barely misses you. The gnoll hits you but does no damage.
The bat hits you but does no damage. The gnoll barely misses you.
The bat barely misses you.
You miss the bat. The bat barely misses you. The gnoll barely misses you.
You barely miss the bat. The bat barely misses you. The bat closely misses you.
The bat hits you but does no damage.
The gnoll hits you from afar with a +0 halberd.
You hit the bat.
The bat is heavily wounded.
The bat completely misses you.
The gnoll hits you from afar with a +0 halberd!
* * * LOW HITPOINT WARNING * * *
The bat hits you but does no damage.
The gnoll hits you from afar with a +0 halberd!
You die...

# ###.#### #
#......# #
#.#.##.# ##
#....#.#
####. .......
+..<. ...#g#
####. #
#.##b# ##
#.#)##@# #
#.#.##.# #
#......# #+ #
###.#### #. #
####.###
#.#########
#......#
##.#........
#.##.#.#
##....#######
#.##.#)#
#.....# #####
#.##.#.#
#....###....


You could see a gnoll and a bat.

Vanquished Creatures
  2 gnolls (D:3)
  A worm (D:2)
  A dart slug (D:1)
  2 ball pythons (D:1)
  3 endoplasms
  3 giant cockroaches (D:1)
  4 goblins (D:1)
  2 hobgoblins
  3 jackals (D:1)
  A quokka (D:1)
  A bat (D:2)
  A frilled lizard (D:1)
  2 rats (D:1)
26 creatures vanquished.

Notes
Turn   | Place    | Note
-------+----------+-------------------------------------------
     0 | D:1      | Dorkslayer the Gargoyle Fighter began the quest for the
                  | Orb.
     0 | D:1      | Reached XP level 1. HP: 14/14 MP: 1/1
   145 | D:1      | Reached XP level 2. HP: 16/19 MP: 2/2
   594 | D:1      | Reached skill level 1 in Dodging
   620 | D:1      | Reached XP level 3. HP: 23/23 MP: 3/3
  1142 | D:2      | Found Seup's Magic Scroll Emporium.
  1801 | D:3      | Slain by a gnoll

Illustrated notes

Levels and vault maps discovered:
D:1:      minmay_arrival_checkered_box, layout_loops_corners
D:2:      layout_loops_corners, serial_shops, shop,
          amcnicky_mini_corridor_feature
D:3:      layout_loops_corners, uniq_jessica

Skill      XL: |  1  2 |
---------------+-------+-----
Axes           | 2 |  2.1
Dodging        | 1 |  1.4
Fighting       | |  3.6
Armour         | |  3.6
Shields        | |  3.6

Action                     || total
---------------------------++-------
  Melee: War axe           ||    83
    Use: Scroll            ||     4
 Armour: Scale mail        ||    52
  Dodge: Dodged            ||    63

Table legend: (Time is in decaauts)
 A = Elapsed time spent in this place.
 B = Non-inter-level travel time spent in this place.
 C = Inter-level travel time spent in this place.
 D = Time resting spent in this place.
 E = Time spent auto-exploring this place.
 F = Levels seen in this place.
 G = Mean time per level.
                   A        B        C        D        E       F      G
               +--------+--------+--------+--------+--------+-----+--------+
         Total |   1833 |   1833 |      0 |      0 |    693 |   3 |  611.0 |
       Dungeon |   1833 |   1833 |      0 |      0 |    693 |   3 |  611.0 |
               +--------+--------+--------+--------+--------+-----+--------+

Top non-repeatable levels by time:
     D:1: 839 daAuts
     D:2: 819 daAuts
     D:3: 174 daAuts
